 Dungeon Crawl Stone Soup version 0.16.0-17-g811c1d7 (webtiles) character file.

142 Rustlers the Magician (level 5, -1/35 HPs)
             Began as a Human Wanderer on Mar 20, 2015.
             Slain by a giant frog (2 damage)
             ... on level 3 of the Dungeon.
             The game lasted 00:16:27 (2916 turns).

Rustlers the Magician (Human Wanderer)              Turns: 2916, Time: 00:16:28

Health: -1/35      AC:  4    Str: 11    XL:     5   Next: 50%
Magic:  10/13      EV: 12    Int: 14    God:
Gold:   120        SH:  0    Dex: 13    Spells: 3 memorised, 7 levels left

rFire  . . .     SeeInvis .     v - -3 dagger (curse)
rCold  . . .     Clarity  .     m - +0 leather armour
rNeg   . . .     SustAb   .     (no shield)
rPois  .         Gourm    .     (no helmet)
rElec  .         Spirit   .     (no cloak)
rCorr  .         Warding  .     (no gloves)
rMut   .         Stasis   .     t - +0 pair of boots
MR     .....                    (no amulet)
Stlth  +.........               (no ring)
                                (no ring)

@: starving, not resistant to hostile enchantments, very unstealthy
A: no striking features
a: no special abilities


You were on level 3 of the Dungeon.
You were starving.

You visited 1 branch of the dungeon, and saw 3 of its levels.

You collected 120 gold pieces.

Inventory:

Hand weapons
 e - a +0 dagger
 r - a +0 rapier
 v - a cursed -3 dagger (weapon)
Missiles
 g - 22 stones (quivered)
Armour
 d - a +0 robe
 m - a +0 leather armour (worn)
 t - a +0 pair of boots (worn)
Jewellery
 i - an uncursed ring of flight {unknown}
Scrolls
 h - a scroll of teleportation
 k - 3 scrolls of identify {unknown}
 p - a scroll of random uselessness {unknown}
 q - a scroll of recharging {unknown}
 x - a scroll of enchant weapon {unknown}
Potions
 l - 2 potions of curing
 n - a potion of flight {unknown}
 o - a potion of degeneration {unknown}
 w - a potion of restore abilities {unknown}
Books
 a - a book of Necromancy

   Spells                             Type                      Level
   a - Pain                           Necromancy                   1
   b - Animate Skeleton               Necromancy                   1
   c - Vampiric Draining              Necromancy                   3
   d - Regeneration                   Charms/Necromancy            3
   e - Animate Dead                   Necromancy                   4
   f - Control Undead                 Necromancy                   4
 b - the Tome of Evil Magic

   Spells                             Type                      Level
   a - Pain                           Necromancy                   1
   b - Regeneration                   Charms/Necromancy            3
 c - the Incunabulum of Air

   Spells                             Type                      Level
   a - Shock                          Conjuration/Air              1
   b - Flight                         Charms/Air                   3
Comestibles
 f - 2 bread rations
 s - a meat ration
 u - 3 chunks of flesh


   Skills:
 - Level 0.2 Short Blades
 - Level 1.0 Throwing
 + Level 1.9 Dodging
 * Level 4.0 Spellcasting
 * Level 1.7 Conjurations
 * Level 3.3 Necromancy
   Level 1.0 Transmutations
 * Level 2.0 Air Magic
   Level 1.0 Evocations


You had 7 spell levels left.
You knew the following spells:

 Your Spells              Type           Power        Failure   Level  Hunger
a - Shock                 Conj/Air       #...         14%         1    None
b - Animate Skeleton      Necr           N/A          10%         1    None
c - Vampiric Draining     Necr           ##........   21%         3    ###....


Dungeon Overview and Level Annotations

Branches:
Dungeon (3/15)

Altars:
Nemelex Xobeh
Trog


Message History

The giant frog gives a loud, deep croak!
An adder comes into view.
The giant frog hits you.
* * * LOW HITPOINT WARNING * * *
The giant frog hits you!
* * * LOW HITPOINT WARNING * * *
You see here 9 gold pieces.
The giant frog hits your hobgoblin skeleton.
You swap places.
The giant frog hits your hobgoblin skeleton!
Your hobgoblin skeleton is destroyed!
The giant frog completely misses your orc skeleton.
Something hits your orc skeleton.
Your orc skeleton closely misses something.
The giant frog closely misses you. The giant frog hits you.
* * * LOW HITPOINT WARNING * * *
The giant frog misses you. The giant frog hits you.
You die...

#.........###..####..#######
#........#####..............
#.......#'#.###..##.########
#####..###Z_.###.##.#
#...#'#.###..####
#....#####S.## ##....###..##
##....#F(## ##...@.##
##....# ######


You could see a giant frog and an adder.

Vanquished Creatures
  3 adders (D:2)
  A giant mite (D:2)
  4 worms (D:2)
  5 giant geckos
  2 oozes (D:1)
  An orc (D:3)
  9 bats
  A bat skeleton (D:2)
  4 giant cockroaches
  3 goblins (D:1)
  9 hobgoblins
  A quokka (D:3)
  A giant newt (D:2)
  2 jackals (D:2)
  6 kobolds
  7 rats
59 creatures vanquished.

Vanquished Creatures (collateral kills)
  2 adders (D:3)
  A worm (D:2)
  A bat (D:2)
  A goblin (D:3)
  A hobgoblin (D:2)
  A jackal skeleton (D:2)
7 creatures vanquished.

Vanquished Creatures (others)
  A bat skeleton (D:3)
  A giant newt skeleton (D:2)
  3 hobgoblin skeletons
  An orc skeleton (D:3)
6 creatures vanquished.

Grand Total: 72 creatures vanquished

Notes
Turn   | Place    | Note
--------------------------------------------------------------
     0 | D:1      | Rustlers, the Human Wanderer, began the quest for the Orb.
     0 | D:1      | Rustlers set off with: a book of Necromancy, the Tome of Evil Magic, the Incunabulum of Air, a +0 robe, a +0 dagger, a bread ration
     0 | D:1      | Reached XP level 1. HP: 13/13 MP: 4/4
    25 | D:1      | Identified the Tome of Evil Magic
    25 | D:1      | Identified the Incunabulum of Air
    27 | D:1      | Learned a level 1 spell: Shock
   451 | D:1      | Reached XP level 2. HP: 19/19 MP: 6/6
   802 | D:1      | Reached XP level 3. HP: 21/24 MP: 4/8
   973 | D:2      | Reached skill level 1 in Conjurations
  1099 | D:2      | Reached skill level 1 in Dodging
  1310 | D:2      | Learned a level 1 spell: Animate Skeleton
  1318 | D:2      | Reached XP level 4. HP: 17/30 MP: 2/10
  1434 | D:2      | Noticed a moth of wrath
  1436 | D:2      | Found a bloodstained altar of Trog.
  1804 | D:1      | Learned a level 3 spell: Vampiric Draining
  2279 | D:2      | Reached XP level 5. HP: 12/35 MP: 4/12
  2801 | D:3      | Reached skill level 4 in Spellcasting
  2837 | D:3      | Found a sparkling altar of Nemelex Xobeh.
  2911 | D:3      | HP: 1/35 [giant frog (3)]
  2916 | D:3      | Slain by a giant frog

Action                   |  1- 3 |  4- 6 || total
-------------------------+-------+-------++-------
Melee: Dagger            |    78 |    66 ||   144
       Rapier            |       |    73 ||    73
 Cast: Shock             |    30 |    23 ||    53
       Animate Skeleton  |     1 |    12 ||    13
       Vampiric Draining |       |     7 ||     7
  Use: Scroll            |     1 |     1 ||     2
       Potion            |       |     3 ||     3
  Eat: Chunk             |     1 |       ||     1
       Bread ration      |       |     1 ||     1
